Map: Lightshade LE

Players

xDragonLorDx

  • Race: Zerg Zerg
  • League: Master

IIIIIIIIIIII - Winner!

  • Race: Protoss Protoss
  • League: Master

VOD

Have the link to the VOD?

Description

Time

  • Played on: Aug. 28, 2021, 4:54 p.m.
  • Length: 14:53
Show
View Real Time Build Order
Export as new Build Order

xDragonLorDx Zerg 

Build Orders: Hatch First 

Get SALT Encoding   

  12  0:01  Drone  
  13  0:13  Overlord  
  13  0:16  Drone  
  14  0:32  Drone  
  14  0:33  Drone  
  16  0:48  Hatchery  
  15  0:51  Drone  
  15  0:56  Drone  
  17  0:59  Drone  
  18  1:16  Spawning Pool  
  17  1:20  Drone  
  17  1:23  Drone  
  19  1:26  Extractor  
  18  1:33  Drone  
  19  2:03  Roach Warren  
  19  2:04  Spine Crawler  
  19  2:06  Spine Crawler, Zergling x6  
  19  2:08  Spine Crawler  
  19  2:13  Zergling x2  
  19  2:18  Drone  
  21  2:32  Drone x4  
  25  2:41  Overlord  
  25  2:48  Overlord  
  24  2:55  Roach  
  24  3:04  Roach  
  27  3:09  Queen  
  28  3:16  Roach  
  29  3:22  Extractor  
  29  3:25  Roach  
  30  3:45  Overlord  
  30  3:47  Roach  
  30  3:48  Ravager  
  33  3:54  Roach  
  35  4:00  Ravager  
  36  4:10  Overlord  
  36  4:22  Hatchery  
  35  4:28  Roach x4  
  43  4:39  Overlord  
  43  4:41  Metabolic Boost  
  43  4:49  Overlord  
  43  5:03  Overlord  
  43  5:04  Zergling x4  
  43  5:06  Ravager  
  46  5:10  Ravager  
  46  5:11  Ravager  
  42  5:30  Ravager  
  42  5:31  Zergling x10  
  43  5:47  Ravager  
  39  5:52  Roach x2  
  41  5:57  Drone x3  
  41  5:58  Drone  
  45  6:08  Drone  
  45  6:09  Drone x2  
  48  6:13  Drone  
  48  6:18  Drone x2  
  51  6:24  Ravager x2  
  53  6:28  Roach  
  53  6:30  Roach  
  57  6:39  Roach x2  
  61  6:44  Overlord  
  61  6:45  Drone  
  62  6:50  Ravager x2  
  62  6:51  Drone  
  62  6:52  Drone  
  60  7:30  Roach  
  60  7:31  Roach x3  
  60  8:02  Drone x2, Lair  
  60  8:03  Queen, Drone x3  
  60  8:04  Ravager x2  
  69  8:11  Drone  
  70  8:14  Extractor  
  70  8:16  Hatchery  
  70  8:17  Hatchery, Ravager  
  68  8:25  Zergling x8  
  68  8:27  Ravager  
  73  8:32  Overlord  
  73  8:33  Drone x2  
  75  8:54  Overlord  
  74  8:56  Roach  
  74  8:57  Roach x3  
  74  9:00  Glial Reconstitution  
  82  9:04  Overlord  
  82  9:08  Ravager  
  82  9:09  Overlord  
  83  9:11  Queen x2  
  84  9:18  Zergling x12  
  89  9:31  Extractor  
  88  9:39  Ravager x3  
  88  9:40  Zergling x20  
  78  10:07  Roach x4  
  78  10:08  Roach x2  
  86  10:28  Drone  
  86  10:29  Evolution Chamber  
  86  10:31  Drone x6  
  86  10:32  Queen, Drone x2  
  86  10:35  Ravager x4  
  97  10:45  Roach x6  
  97  10:48  Zergling x4  
  111  10:55  Zerg Missile Weapons Level 1  
  111  10:56  Zergling x4  
  113  11:02  Overlord x2  
  112  11:15  Roach  
  112  11:16  Overlord x2  
  113  11:18  Overlord  
  111  11:25  Zergling x2  
  111  11:26  Ravager, Zergling x14  
  111  11:27  Ravager  
  118  11:46  Roach x3  
  118  11:47  Zergling x8  
  125  11:48  Ravager x2  
  125  11:49  Ravager x2  
  125  11:52  Drone x4  
  116  12:08  Roach x7  
  105  12:23  Drone x5  
  105  12:29  Roach x2  
  114  12:31  Ravager x4  
  114  12:33  Zergling x4  
  120  12:41  Hatchery  
  119  12:44  Roach  
  119  12:45  Roach, Zergling x10  
  119  12:47  Ravager x2  
  128  13:01  Baneling Nest  
  128  13:02  Drone  
  128  13:03  Evolution Chamber, Drone x4  
  128  13:05  Extractor  
  130  13:09  Roach x3, Zergling x6  
  120  13:36  Roach x12  
  66  14:05  Ravager x4  
  66  14:06  Roach x8  
  66  14:07  Overlord, Roach  
  66  14:08  Zergling x2  
  83  14:19  Drone  
  83  14:20  Drone x4  
  83  14:23  Ravager x2  
Show
View Real Time Build Order
Export as new Build Order

IIIIIIIIIIII Protoss - Winner!

Build Orders: Chargelot Immortal 

Get SALT Encoding   

  12  0:02  Probe  
  13  0:14  Probe  
  14  0:22  Pylon  
  14  0:26  Probe  
  15  0:35  Pylon  
  15  1:02  Gateway  
  15  1:04  Gateway  
  15  1:08  Gateway  
  15  1:10  Probe  
  16  1:22  Probe, Assimilator  
  17  1:34  Probe  
  18  1:47  Probe, Zealot (Chrono Boost)  
  19  1:49  Zealot (Chrono Boost)  
  23  1:59  Zealot (Chrono Boost)  
  25  2:06  Zealot  
  27  2:08  Zealot  
  31  2:25  Cybernetics Core  
  31  2:29  Pylon  
  31  2:49  Probe  
  28  2:58  Nexus  
  28  3:00  Warp Gate (Chrono Boost)  
  28  3:08  Stalker  
  30  3:16  Stalker  
  32  3:30  Stalker  
  34  3:37  Assimilator  
  32  3:48  Robotics Facility  
  32  3:53  Probe  
  33  4:05  Probe  
  34  4:22  Gateway x2  
  34  4:23  Probe (Chrono Boost)  
  36  4:35  Probe (Chrono Boost)  
  36  4:38  Immortal  
  36  4:42  Probe (Chrono Boost)  
  42  4:50  Shield Battery  
  42  4:52  Probe  
  42  4:55  Probe  
  43  5:04  Probe  
  44  5:07  Probe  
  44  5:12  Pylon  
  45  5:16  Probe  
  45  5:19  Probe  
  45  5:26  Stalker x2  
  44  5:28  Probe  
  42  5:36  Immortal (Chrono Boost)  
  42  5:50  Probe (Chrono Boost)  
  42  5:54  Probe (Chrono Boost)  
  44  6:01  Twilight Council  
  44  6:02  Probe (Chrono Boost)  
  46  6:05  Probe (Chrono Boost)  
  46  6:06  Probe (Chrono Boost)  
  46  6:07  Warp Prism (Chrono Boost)  
  49  6:14  Probe  
  49  6:15  Zealot  
  49  6:16  Sentry  
  54  6:19  Pylon  
  54  6:35  Charge (Chrono Boost), Immortal (Chrono Boost)  
  54  6:37  Probe x2  
  60  6:48  Zealot  
  62  6:55  Pylon  
  62  6:58  Pylon  
  62  6:59  Shield Battery  
  62  7:03  Shield Battery  
  62  7:16  Probe x2  
  62  7:17  Stalker  
  62  7:18  Stalker  
  65  7:33  Probe x2  
  65  7:34  Immortal (Chrono Boost)  
  65  7:36  Pylon  
  63  7:46  Pylon  
  63  7:48  Pylon  
  63  7:53  Probe  
  62  7:58  Pylon  
  62  8:05  Probe, Gateway  
  64  8:06  Gateway  
  64  8:08  Gateway  
  64  8:10  Immortal (Chrono Boost)  
  63  8:14  Zealot  
  63  8:15  Zealot  
  71  8:22  Gateway  
  71  8:24  Gateway  
  71  8:35  Zealot x2  
  75  8:42  Immortal  
  79  8:49  Pylon  
  79  8:54  Nexus  
  79  8:58  Sentry x2  
  83  9:04  Probe  
  83  9:07  Pylon  
  85  9:10  Pylon  
  85  9:14  Zealot x3  
  90  9:17  Zealot  
  90  9:19  Zealot  
  90  9:23  Zealot x2  
  96  9:40  Probe  
  96  9:41  Probe  
  96  9:42  Forge  
  84  9:53  Probe x2, Zealot x4  
  84  10:05  Probe  
  86  10:11  Immortal (Chrono Boost)  
  86  10:12  Zealot x3  
  87  10:27  Zealot x4  
  87  10:30  Shield Battery  
  87  10:33  Shield Battery  
  87  10:34  Protoss Ground Weapons Level 1 (Chrono Boost)  
  87  10:36  Probe x2  
  90  10:45  Zealot x2  
  90  10:48  Sentry  
  90  10:49  Sentry  
  98  10:50  Probe  
  98  10:54  Zealot  
  98  10:56  Sentry x2  
  104  11:06  Zealot x2  
  106  11:14  Zealot x2  
  106  11:17  Zealot  
  110  11:24  Zealot x2, Immortal (Chrono Boost)  
  110  11:29  Stalker x2  
  114  11:42  Zealot x3  
  118  11:47  Zealot x2  
  106  12:01  Zealot x2  
  106  12:03  Zealot x3  
  106  12:13  Probe x3  
  106  12:15  Immortal (Chrono Boost)  
  97  12:16  Zealot x2  
  97  12:22  Zealot x2  
  107  12:23  Zealot x3  
  107  12:25  Probe x3  
  116  12:44  Stalker x5  
  116  12:46  Zealot x2  
  116  12:48  Pylon  
  130  13:06  Immortal (Chrono Boost)  
  130  13:08  Zealot x3  
  140  13:14  Pylon  
  140  13:15  Pylon  
  140  13:17  Assimilator  
  138  13:32  Zealot x7  
  118  13:54  Zealot x6  
  118  13:55  Zealot  
  114  14:06  Immortal (Chrono Boost)  
  114  14:07  Probe x2  
  114  14:09  Probe  
  111  14:25  Zealot x4  
  111  14:26  Zealot x3  
  115  14:45  Zealot x2  
  115  14:46  Zealot x5  
Tags
 
Add a new tag
Caveats
  • Supply blocks, unpowered buildings, or Contaminate may cause inaccurate times.
  • Supply counts are checked every 10 seconds.